 Dungeon Crawl Stone Soup version 0.18.1-50-g88ac8fd (webtiles) character file.

82194 nikopol the Severer (level 15, -7/223 HPs)
             Began as a Minotaur Berserker on Oct 23, 2016.
             Was the Champion of Trog.
             Mangled by an ice devil (18 damage)
             ... summoned by an orc high priest
             ... on level 2 of the Orcish Mines.
             The game lasted 01:23:09 (25004 turns).

nikopol the Severer (Minotaur Berserker)           Turns: 25004, Time: 01:23:10

Health: -7/223     AC:  6    Str: 28    XL:     15   Next: 28%
Magic:  14/14      EV: 16    Int:  4    God:    Trog [******]
Gold:   2276       SH:  4    Dex: 15    Spells: 0 memorised, 14 levels left

rFire  + . .     SeeInvis .     a - +2 war axe (flame)
rCold  . . .     Gourm    .     F - +3 chain mail {rF+}
rNeg   . . .     Faith    .     (no shield)
rPois  +         Spirit   .     (helmet restricted)
rElec  +         Dismiss  .     Y - +2 cloak
rCorr  .         Reflect  +     W - +1 pair of gloves
SustAt +         Harm     .     (no boots)
MR     +....     Rnd*Rage +     k - +4 amulet of reflection
Stlth  ..........               o - ring of poison resistance
                                R - ring of Mohiabiy {SustAt rElec Slay+2}

@: berserking, corroded, very quick, somewhat resistant to hostile enchantments,
extremely unstealthy
A: retaliatory headbutt, horns 2, berserk 1, robust 1
a: Berserk, Trog's Hand, Brothers in Arms, Burn Spellbooks, Renounce Religion


You were on level 2 of the Orcish Mines.
You worshipped Trog.
Trog was exalted by your worship.
You were not hungry.

You visited 3 branches of the dungeon, and saw 22 of its levels.
You also visited: Labyrinth and Volcano.

You collected 2276 gold pieces.

Inventory:

Hand Weapons
 a - a +2 war axe of flaming (weapon)
 b - a +1 broad axe of electrocution
 z - the +9 longbow of Trog's Outrage {venom, rC++}
   (Trog gifted it to you on level 8 of the Lair of Beasts)

   It poisons the ammo it fires.
   It greatly protects you from cold.
Missiles
 d - 270 arrows (quivered)
Armour
 D - a +2 plate armour of fire resistance
 F - a +3 chain mail of fire resistance (worn)
 W - a +1 pair of gloves (worn)
 Y - a +2 cloak (worn)
Jewellery
 j - a +3 ring of intelligence {unknown}
 k - a +4 amulet of reflection (around neck)
 o - a ring of poison resistance (right hand)
 x - an uncursed amulet of the gourmand {unknown}
 y - an uncursed ring of protection from magic
 H - an uncursed ring of fire {unknown}
 R - the ring of Mohiabiy (left hand) {SustAt rElec Slay+2}
   (You found it on level 1 of the Lair of Beasts)

   [ring of sustain attributes]

   It sustains your strength, intelligence and dexterity.
   It affects your accuracy and damage with ranged weapons and melee attacks
   (+2).
   It insulates you from electricity.
Wands
 Q - a wand of teleportation (9/9)
Scrolls
 e - 8 scrolls of remove curse
 m - 5 scrolls of teleportation
 p - a scroll of torment {unknown}
 q - 4 scrolls of fog
 t - a scroll of recharging
 u - 2 scrolls of enchant armour
 B - 2 scrolls of enchant weapon
 C - 3 scrolls of silence {unknown}
 I - 2 scrolls of brand weapon {unknown}
 S - a scroll of summoning {unknown}
 U - 4 scrolls of blinking {unknown}
Potions
 f - 8 potions of might
 g - 2 potions of haste
 i - 3 potions of ambrosia
 r - 2 potions of brilliance
 w - a potion of cure mutation
 A - 5 potions of curing
 E - 3 potions of magic
 K - a potion of berserk rage
 L - 2 potions of agility
 M - 2 potions of resistance
 N - a potion of heal wounds {unknown}
Books
 n - a book of Power

   Spells                             Type                      Level
   a - Fulminant Prism                Conjuration/Hexes            4
   b - Iskenderun's Mystic Blast      Conjuration                  4
   c - Venom Bolt                     Conjuration/Poison           5
   d - Bolt of Magma                  Conjuration/Fire/Earth       5
   e - Iron Shot                      Conjuration/Earth            6
   f - Orb of Destruction             Conjuration                  7
   g - Spellforged Servitor           Conjuration/Summoning        7
   Trog disapproves of the use of such an item.
Comestibles
 c - 15 bread rations
 h - 10 meat rations
 l - 20 beef jerkies
 s - 3 chunks of flesh
 v - 11 fruits
 O - 14 royal jellies


   Skills:
 + Level 13.5 Fighting
 * Level 17.0 Axes
 * Level 14.0 Bows
 + Level 13.6 Armour
 + Level 12.0 Dodging


You had 14 spell levels left.
You didn't know any spells.

Dungeon Overview and Level Annotations

Branches:
Dungeon (12/15)            Temple (0/1) D:4            Lair (8/8) D:11
 Shoals (0/4) Lair:3       Spider (0/4) Lair:5        Slime (0/6) Lair:8
    Orc (2/2) D:9             Elf (0/3) Orc:2

Altars:
Ashenzari
Elyvilon
Fedhas
Gozag
Kikubaaqudgha
Okawaru
Pakellas
Qazlal
Sif Muna
Trog
Vehumet
Xom
Yredelemnul
Zin
Jiyva


Innate Abilities, Weirdness & Mutations

You reflexively headbutt those who attack you in melee.
You have a pair of horns on your head.
You tend to lose your temper in combat.
You are robust (+10% HP).


Message History

You feel the power of Trog in you as your rage grows.
You kill the rust devil!
You hit the orc high priest. You burn the orc high priest.
The orc high priest is severely wounded.
You hit the red devil but do no damage.
The red devil is lightly wounded.
The red devil hops backward while attacking.
The red devil hits you from afar with a trident!
* * * LOW HITPOINT WARNING * * *
The orange demon completely misses you. The orc high priest misses you.
You miss the orc high priest. You headbutt the orc high priest!!
The orc high priest is heavily wounded.
You hit the orc high priest but do no damage.
The orc high priest is severely wounded.
You closely miss the ice devil.
The ice devil is moderately wounded.
The ice devil hits you!
* * * LOW HITPOINT WARNING * * *
The ice devil freezes you!!
You die...

# ### ####### ## ....##
###.....### #. ......##
###.........####. ........##
##.............##.
.........###...............#)
.#.#(#.#.#4#.#.#.#.#.#.#.#)#)
............o...........)..))
...(.(..(#.#@4..).........)..
...()()(((4o.).............).
.#(#.#.#.#.#.#.#.#.#.#.#)#.#.
.......###.....)......)..#.
.((....## ##.............###
......## ###.........### #
....## ###.....### #. ####
####### ## #


You could see 2 orc high priests, an orange demon, an ice devil and a red devil.

Vanquished Creatures
  Gastronok (D:10)
  A minotaur (Lab)
  Josephine (Lair:8)
  7 hydras
  7 death yaks (Lair:8)
  3 orc high priests (Orc:2)
  6 orc knights
  A griffon (Lair:6)
  2 cyclopes
  3 wolf spiders
  3 orc sorcerers (Orc:1)
  6 statues (Volcano)
  A hornet (Lair:8)
  7 elephants
  A centaur zombie (D:10)
  Psyche (D:9)
  A guardian serpent (Lair:8)
  10 black mambas
  Joseph (Lair:1)
  19 spiny frogs
  A torpor snail (Lair:7)
  3 rime drakes
  10 komodo dragons
  A queen bee (Lair:7)
  A jumping spider (Lair:5)
  2 trolls (Orc:1)
  10 polar bears
  A boulder beetle (Lair:8)
  31 blink frogs
  5 raiju (Lair:8)
  2 redbacks (Lair:5)
  55 yaks
  3 wraiths (Lair:8)
  3 basilisks
  11 wyverns
  A hungry ghost (D:8)
  8 hippogriffs
  8 wargs
  22 water moccasins
  14 porcupines
  5 hell hounds
  An eye of draining (D:8)
  2 phantoms
  29 orc warriors
  An ice beast (D:8)
  14 black bears
  3 wasps (Lair:8)
  5 ogres
  22 wolves
  19 crocodiles
  8 centaurs
  11 big kobolds (D:11)
  14 giant frogs
  2 scorpions
  23 killer bees (Lair:7)
  7 wights
  An electric eel (Lair:7)
  2 howler monkeys
  9 crimson imps
  A giant frog zombie (D:5)
  7 lava snakes (Volcano)
  15 hounds
  A quasit (D:9)
  2 giant frog skeletons
  17 orc priests
  2 jellies
  2 centaur skeletons
  13 iguanas
  23 orc wizards
  10 worker ants
  A killer bee zombie (D:6)
  14 sheep
  A howler monkey zombie (D:9)
  2 worker ant zombies
  11 adders
  A howler monkey skeleton (D:7)
  115 river rats
  2 shadow imps
  2 oozes
  An adder skeleton (D:9)
  An adder zombie (D:8)
  A worm (D:5)
  A dart slug (D:1)
  3 giant geckos
  66 orcs
  7 bats
  7 giant cockroaches
  11 hobgoblins
  18 jackals
  12 kobolds
  5 quokkas
  A giant cockroach zombie (D:6)
  A giant newt (D:1)
  7 goblins
  A quokka skeleton (D:4)
  14 rats
  18 fungi
  4 plants
873 creatures vanquished.

Vanquished Creatures (others)
  An orc (D:10)
  2 bushes (Lair:8)
  57 fungi
  98 plants
158 creatures vanquished.

Grand Total: 1031 creatures vanquished

Notes
Turn   | Place    | Note
--------------------------------------------------------------
     0 | D:1      | nikopol the Minotaur Berserker began the quest for the Orb.
     0 | D:1      | Reached XP level 1. HP: 19/19 MP: 0/0
   370 | D:1      | Reached XP level 2. HP: 27/27 MP: 1/1
   387 | D:1      | Reached skill level 4 in Axes
   559 | D:1      | Reached ** piety under Trog
   583 | D:1      | Reached XP level 3. HP: 26/33 MP: 2/2
   945 | D:2      | Found a white marble altar of Elyvilon.
  1317 | D:2      | Reached XP level 4. HP: 40/40 MP: 3/3
  1404 | D:3      | Found an oddly glowing altar of Pakellas.
  1458 | D:3      | Reached *** piety under Trog
  1853 | D:3      | Reached XP level 5. HP: 33/47 MP: 4/4
  1967 | D:3      | Found a basalt altar of Yredelemnul.
  2249 | D:3      | You fall through a shaft for 3 floors!
  2280 | D:6      | Noticed a water moccasin
  2282 | D:6      | Killed a water moccasin
  2282 | D:6      | Reached skill level 5 in Fighting
  2282 | D:6      | Reached skill level 5 in Axes
  2282 | D:6      | Reached XP level 6. HP: 48/56 MP: 5/5
  2353 | D:6      | Reached skill level 5 in Armour
  2415 | D:6      | Found a blossoming altar of Fedhas.
  2521 | D:5      | Entered Level 5 of the Dungeon
  2532 | D:5      | Reached **** piety under Trog
  2567 | D:5      | Reached XP level 7. HP: 57/61 MP: 6/6
  2915 | D:4      | Reached skill level 6 in Axes
  2972 | D:4      | Found a stormy altar of Qazlal.
  3077 | D:4      | Found a staircase to the Ecumenical Temple.
  3241 | D:5      | Reached skill level 5 in Dodging
  3254 | D:5      | Found a glowing silver altar of Zin.
  3330 | D:5      | Reached XP level 8. HP: 71/71 MP: 7/7
  3412 | D:5      | Found a shimmering altar of Xom.
  3720 | D:5      | Reached ***** piety under Trog
  4070 | D:6      | Found an opulent altar of Gozag.
  4188 | D:6      | Reached skill level 7 in Axes
  4367 | D:7      | Identified Sif Muna's Catalogue of Boosting Snow
  5506 | D:8      | Reached XP level 9. HP: 81/81 MP: 8/8
  5519 | D:8      | Found a bloodstained altar of Trog.
  5520 | D:8      | Found an iron altar of Okawaru.
  5557 | D:8      | Reached skill level 8 in Axes
  5838 | D:8      | Found a shattered altar of Ashenzari.
  6178 | D:9      | Reached skill level 1 in Bows
  6301 | D:9      | Received a gift from Trog
  6322 | D:9      | Found an ancient bone altar of Kikubaaqudgha.
  6428 | D:9      | Found a deep blue altar of Sif Muna.
  6444 | D:9      | Found a radiant altar of Vehumet.
  6506 | D:9      | Reached skill level 9 in Axes
  6731 | D:9      | Found a staircase to the Orcish Mines.
  6846 | D:9      | Noticed Psyche
  6869 | D:9      | Killed Psyche
  6869 | D:9      | Reached XP level 10. HP: 30/91 MP: 9/9
  7481 | D:10     | Entered Level 10 of the Dungeon
  7653 | D:10     | Reached skill level 10 in Axes
  7737 | D:10     | Noticed Gastronok
  7764 | D:10     | Killed Gastronok
  7764 | D:10     | Reached skill level 5 in Bows
  8525 | D:11     | Noticed a cyclops
  8539 | D:11     | Killed a cyclops
  8539 | D:11     | Reached XP level 11. HP: 99/99 MP: 10/10
  8775 | D:11     | Found a staircase to the Lair.
  8782 | D:11     | Reached skill level 11 in Axes
  8859 | D:11     | Reached skill level 10 in Armour
  9008 | D:11     | Received a gift from Trog
  9018 | D:11     | Reached skill level 10 in Fighting
  9307 | Lair:1   | Entered Level 1 of the Lair of Beasts
  9445 | Lair:1   | Noticed Joseph
  9459 | Lair:1   | Killed Joseph
  9684 | Lair:1   | Got a sparkling ivory ring
 10063 | Lair:1   | Received a gift from Trog
 10498 | Lair:2   | Reached skill level 12 in Axes
 10674 | Lair:2   | Identified the ring of Mohiabiy {SustAt rElec Slay+2} (You found it on level 1 of the Lair of Beasts)
 11377 | Lair:3   | Noticed a six-headed hydra
 11387 | Lair:3   | Killed a seven-headed hydra
 11719 | Lair:3   | Received a gift from Trog
 11846 | Lair:3   | Reached XP level 12. HP: 78/107 MP: 11/11
 11882 | Lair:3   | Found a staircase to the Shoals.
 12695 | Lair:3   | Received a gift from Trog
 13265 | Lair:4   | Found a dark tunnel.
 13274 | Volcano  | Entered a volcano
 13810 | Volcano  | Reached skill level 13 in Axes
 14142 | Volcano  | Found a blossoming altar of Fedhas.
 14472 | Lair:4   | Reached skill level 10 in Bows
 14509 | Lair:4   | Reached skill level 10 in Dodging
 14581 | Lair:4   | Noticed an eight-headed hydra
 14592 | Lair:4   | Killed an eight-headed hydra
 15687 | Lair:5   | Received a gift from Trog
 15707 | Lair:5   | Found a labyrinth entrance.
 15716 | Lab      | Entered a labyrinth
 15909 | Lab      | Noticed a minotaur
 15917 | Lab      | Killed a minotaur
 15941 | Lab      | Identified the Volume of Fiery Battle Magic
 16329 | Lair:5   | Found a hole to the Spider Nest.
 16337 | Lair:5   | Reached XP level 13. HP: 111/116 MP: 12/12
 16950 | Lair:5   | Reached skill level 14 in Axes
 18272 | Lair:6   | Received a gift from Trog
 18288 | Lair:6   | Got an ichor-stained longbow {god gift}
 18289 | Lair:6   | Identified the +4 longbow of the Egg {venom, rElec} (Trog gifted it to you on level 6 of the Lair of Beasts)
 19338 | Lair:7   | Reached skill level 15 in Axes
 19432 | Lair:7   | Gained mutation: You are robust (+10% HP). [potion of beneficial mutation]
 19526 | Lair:7   | Received a gift from Trog
 20061 | Lair:8   | Entered Level 8 of the Lair of Beasts
 20173 | Lair:8   | Reached XP level 14. HP: 112/139 MP: 13/13
 20181 | Lair:8   | Found a viscous altar of Jiyva.
 20181 | Lair:8   | Found a staircase to the Slime Pits.
 20511 | Lair:8   | Reached ****** piety under Trog
 20520 | Lair:8   | Received a gift from Trog
 20532 | Lair:8   | Got a crude longbow {god gift}
 20761 | Lair:8   | Noticed Josephine
 20765 | Lair:8   | Killed Josephine
 21017 | Lair:8   | Reached skill level 16 in Axes
 21370 | Lair:8   | Received a gift from Trog
 21502 | Lair:8   | Received a gift from Trog
 21675 | Lair:8   | Identified the +9 longbow of Trog's Outrage {venom, rC++} (Trog gifted it to you on level 8 of the Lair of Beasts)
 22660 | Lair:8   | Reached XP level 15. HP: 149/149 MP: 14/14
 22984 | Orc:1    | Entered Level 1 of the Orcish Mines
 22993 | Orc:1    | Received a gift from Trog
 23920 | Orc:2    | Entered Level 2 of the Orcish Mines
 23936 | Orc:2    | Found a staircase to the Elven Halls.
 24029 | Orc:2    | Received a gift from Trog
 24452 | Orc:2    | Gained mutation: You tend to lose your temper in combat. [a neqoxec]
 24941 | Orc:2    | Reached skill level 17 in Axes
 25004 | Orc:2    | HP: 11/223 [ice devil[an orc high priest] (7)]
 25004 | Orc:2    | Mangled by an ice devil

Skill      XL: |  1  2  3  4  5  6  7  8  9 10 11 12 13 14 15 |
---------------+----------------------------------------------+-----
Fighting       | 4 5 6 7 9 10 11 12 13 | 13.5
Axes           | 4 5 6 7 9 10 12 13 15 16 17 | 17.0
Armour         | 3 4 5 6 7 9 10 11 12 13 | 13.6
Dodging        | 3 4 5 6 7 8 9 10 11 12 | 12.0
Bows           | 3 6 8 10 12 13 14 | 14.0

Action                   |  1- 3 |  4- 6 |  7- 9 | 10-12 | 13-15 || total
-------------------------+-------+-------+-------+-------+-------++-------
Melee: Hand axe          |    93 |   176 |   339 |     5 |       ||   613
       Headbutt          |    16 |    38 |    67 |   132 |   146 ||   399
       War axe           |       |       |       |   491 |   591 ||  1082
 Fire: Shortbow          |       |       |    60 |   585 |   190 ||   835
       Longbow           |       |       |       |       |   505 ||   505
Invok: Berserk           |       |       |     3 |     5 |     6 ||    14
       Burn Spellbooks   |       |       |     3 |       |     4 ||     7
  Use: Scroll            |       |       |     6 |    13 |     9 ||    28
       Potion            |       |       |       |       |     1 ||     1
 Stab: Distracted        |       |       |       |       |     1 ||     1
  Eat: Chunk             |     1 |     4 |    16 |    28 |    32 ||    81
       Pizza             |       |       |     1 |     1 |       ||     2
       Royal jelly       |       |       |     1 |       |       ||     1
       Fruit             |       |       |       |     2 |     1 ||     3
       Beef jerky        |       |       |       |     2 |       ||     2
Armor: Animal skin       |     8 |       |       |       |       ||     8
       Chain mail        |    22 |   122 |   172 |   211 |   268 ||   795
Dodge: Dodged            |    48 |    55 |   168 |   305 |   417 ||   993
Block: Other             |       |       |     9 |    93 |   106 ||   208
       Reflection        |       |       |       |     7 |     1 ||     8
